[Event "Titled Tuesday Blitz July 13 2021"]
[White "Baradaran, Arman"]
[Black "Carlsson, Ludvig"]
[WhiteFideId "880515"]
[BlackFideId "1727010"]
[WhiteElo "2132"]
[BlackElo "2147"]
[Result "0-1"]
[Round "07"]
[TimeControl "180+1"]
[Date "2021.07.13"]
[WhiteClock "0:00:01"]
[BlackClock "0:01:49"]

1. d4 d5 2. c4 e6 3. Nf3 a6 4. g3 dxc4 5. Bg2 Bb4+ 6. Nc3 Bd7 7. Ne5 Bc6 8. Nxc6 Nxc6 9. Qa4 Ne7 10. a3 b5 11. Qc2 Ba5 12. e3 O-O 13. O-O Nd5 14. e4 Nxd4 15. Qd1 Nxc3 16. bxc3 Bxc3 17. Ra2 e5 18. a4 b4 19. Bd2 Bxd2 20. Rxd2 c3 21. Rd3 c5 22. f4 f6 23. Bh3 c4 24. Be6+ Nxe6 25. Rxd8 Rfxd8 26. Qg4 Re8 27. fxe5 fxe5 28. Qh5 Nd4 29. Qf7+ Kh8 30. Qxc4 a5 31. Kg2 c2 32. Rf2 b3 33. h4 Rac8 34. Qd5 c1=Q 0-1


[Site "https://www.chess.com"]

[Event "Titled Tuesday Blitz July 13 2021"]
[White "Bazeev, German"]
[Black "AleksanderHnydiuk"]
[WhiteFideId "24119350"]
[WhiteElo "2462"]
[BlackElo "2602"]
[Result "1-0"]
[Round "07"]
[TimeControl "180+1"]
[Date "2021.07.13"]
[WhiteClock "0:00:59"]
[BlackClock "0:00:50"]

1. d4 Nf6 2. Nf3 e6 3. c4 d5 4. g3 dxc4 5. Bg2 Nc6 6. Qa4 Bb4+ 7. Bd2 Bd6 8. Na3 Bxa3 9. bxa3 O-O 10. Qxc4 Qd5 11. Qxd5 exd5 12. Rc1 Ne4 13. e3 Bg4 14. h3 Bh5 15. g4 Bg6 16. Nh4 Rfe8 17. Nxg6 hxg6 18. Bxe4 Rxe4 19. Kd1 Rc8 20. Rb1 b6 21. a4 a5 22. Kc2 Re6 23. Kd3 Nd8 24. Rhc1 Nb7 25. Rb5 Rd6 26. f3 f6 27. Be1 Kf7 28. Bg3 Rd7 29. Rxb6 cxb6 30. Rxc8 Nd6 31. Bxd6 Rxd6 32. Rc7+ Ke6 33. Rxg7 Rc6 34. Rxg6 Rc4 35. g5 Kf5 36. Rxf6+ Kxg5 37. Rd6 Rxa4 38. Rxd5+ Kh4 39. Rb5 1-0


[Site "https://www.chess.com"]

[Event "Titled Tuesday Blitz July 13 2021"]
[White "Begunov, Konstantin"]
[Black "Wagner, Dennis"]
[WhiteFideId "4118510"]
[BlackFideId "24650684"]
[WhiteElo "2262"]
[BlackElo "2355"]
[Result "0-1"]
[Round "07"]
[TimeControl "180+1"]
[Date "2021.07.13"]
[WhiteClock "0:00:02"]
[BlackClock "0:01:27"]

1. d4 d5 2. c4 e6 3. Nc3 Bb4 4. Qb3 Nc6 5. Nf3 Nf6 6. Bg5 h6 7. Bxf6 Qxf6 8. cxd5 exd5 9. Qxd5 O-O 10. e3 Rd8 11. Qb5 Qg6 12. Ne5 Bxc3+ 13. bxc3 Nxe5 14. Qxe5 Be6 15. e4 c5 16. Rd1 Bxa2 17. f3 cxd4 18. cxd4 a5 19. Kf2 Bb3 20. Rc1 a4 21. Bc4 Qb6 22. Bxb3 axb3 23. Qc5 Ra2+ 24. Ke3 Qg6 25. g3 Qa6 26. Qc4 b2 27. Rc2 Qxc4 28. Rxc4 Ra1 0-1


[Site "https://www.chess.com"]

[Event "Titled Tuesday Blitz July 13 2021"]
[White "Belyakov, Bogdan"]
[Black "Martinez Reyes, Pedro Ramon"]
[WhiteFideId "24104795"]
[BlackFideId "3901807"]
[WhiteElo "2407"]
[BlackElo "2398"]
[Result "0-1"]
[Round "07"]
[TimeControl "180+1"]
[Date "2021.07.13"]
[WhiteClock "0:00:11"]
[BlackClock "0:00:55"]

1. e4 e6 2. d4 c5 3. c3 Nf6 4. e5 Nd5 5. Nf3 cxd4 6. cxd4 d6 7. Bc4 Nc6 8. O-O Nb6 9. Bb5 d5 10. Nc3 Bd7 11. Bg5 Be7 12. Bxe7 Qxe7 13. Bd3 h6 14. Rc1 Na5 15. Bb1 Qb4 16. b3 Rc8 17. Qd3 a6 18. Rc2 Ke7 19. Rfc1 Bb5 20. Nxb5 Qxb5 21. Rc7+ Rxc7 22. Rxc7+ Nd7 23. Qxb5 axb5 24. b4 Nc6 25. Rxb7 Nxb4 26. Nd2 Rc8 27. Nb3 Nc6 28. Bd3 b4 29. Bb5 f6 30. f4 Kd8 31. Kf2 Rc7 32. Rxc7 Kxc7 33. Bxc6 Kxc6 34. exf6 gxf6 35. g4 Kb5 36. h4 Kc4 37. h5 e5 38. g5 fxg5 39. fxg5 hxg5 40. dxe5 Nxe5 41. Nd2+ Kc3 42. Nf3 Nf7 43. Ke3 Kb2 44. Kd4 g4 45. Ne1 Kxa2 46. Kxd5 b3 47. Ke6 b2 48. Kxf7 b1=Q 49. Ng2 Qf5+ 50. Kg7 Qxh5 0-1


[Site "https://www.chess.com"]

[Event "Titled Tuesday Blitz July 13 2021"]
[White "Bernadskiy, Vitaliy"]
[Black "Quparadze, Giga"]
[WhiteFideId "14100371"]
[BlackFideId "13602250"]
[WhiteElo "2510"]
[BlackElo "2658"]
[Result "0-1"]
[Round "07"]
[TimeControl "180+1"]
[Date "2021.07.13"]
[WhiteClock "0:00:01"]
[BlackClock "0:00:57"]

1. d4 Nf6 2. Bg5 d5 3. Nd2 c5 4. dxc5 e6 5. e4 Bxc5 6. Qe2 dxe4 7. O-O-O Qc7 8. Nxe4 Be7 9. Bxf6 gxf6 10. Nf3 f5 11. Ng3 Nd7 12. Kb1 Nf6 13. Nd4 Bd7 14. Qc4 Qxc4 15. Bxc4 O-O-O 16. Rhe1 Bc5 17. f3 Rhg8 18. Re2 f4 19. Nf1 Ba4 20. Red2 Bb4 21. Re2 Rd6 22. a3 Ba5 23. Bb3 Bb5 24. Re5 Bxf1 25. Rxa5 Bxg2 26. Rd3 a6 27. Rc5+ Kb8 28. Ba4 Rgd8 29. Ne2 Rxd3 30. cxd3 Nd5 31. Rc4 e5 32. d4 Bf1 0-1


[Site "https://www.chess.com"]

[Event "Titled Tuesday Blitz July 13 2021"]
[White "Bilych, Olexiy"]
[Black "Abdusattorov, Nodirbek"]
[WhiteFideId "14156504"]
[BlackFideId "14204118"]
[WhiteElo "2246"]
[BlackElo "2662"]
[Result "0-1"]
[Round "07"]
[TimeControl "180+1"]
[Date "2021.07.13"]
[WhiteClock "0:00:31"]
[BlackClock "0:02:19"]

1. e4 e6 2. d4 d5 3. Nc3 Nf6 4. e5 Nfd7 5. Nce2 c5 6. c3 Nc6 7. f4 Qb6 8. Nf3 a5 9. g3 a4 10. Bg2 a3 11. b3 cxd4 12. cxd4 Bb4+ 13. Kf2 O-O 14. Be3 f6 15. h4 fxe5 16. dxe5 Bc5 17. Bxc5 Nxc5 18. Kf1 Ne4 19. Qe1 Nb4 20. Nfd4 Nd3 21. Qd2 Nxg3+ 22. Nxg3 Qxd4 23. Bf3 0-1


[Site "https://www.chess.com"]

[Event "Titled Tuesday Blitz July 13 2021"]
[White "Borisova, Ekaterina"]
[Black "Doluhanova, Evgeniya"]
[WhiteFideId "34124184"]
[BlackFideId "14112035"]
[WhiteElo "2021"]
[BlackElo "2134"]
[Result "1-0"]
[Round "07"]
[TimeControl "180+1"]
[Date "2021.07.13"]
[WhiteClock "0:00:19"]
[BlackClock "0:00:09"]

1. e4 e5 2. Nc3 Bc5 3. Bc4 Nf6 4. f4 Bxg1 5. Rxg1 d6 6. f5 h5 7. h3 Nc6 8. d3 Na5 9. Be3 Nxc4 10. dxc4 Bd7 11. Qd2 Bc6 12. Qd3 Qd7 13. O-O-O O-O-O 14. Nd5 Bxd5 15. cxd5 Qa4 16. Bg5 Qxa2 17. b3 Rde8 18. Kd2 Qa5+ 19. Ke2 Qb4 20. Kf3 h4 21. Bd2 Qb6 22. Be3 Qb4 23. Ra1 a6 24. Ra4 Qb5 25. c4 Qd7 26. c5 dxc5 27. Rc1 Qb5 28. Qxb5 axb5 29. Ra8+ Kd7 30. Rxe8 Nxe8 31. Bxc5 Nd6 32. Ra1 b6 33. Bb4 g6 34. f6 Rh5 35. Ra8 Rg5 36. Bxd6 Kxd6 37. Rf8 Rg3+ 38. Kf2 Rxb3 39. Rxf7 Rb4 40. Kf3 Rb3+ 41. Kg4 Rb2 42. Rf8 Rxg2+ 43. Kxh4 b4 44. Rd8+ Kc5 45. f7 Rf2 46. f8=Q+ Rxf8 47. Rxf8 b3 48. Rf2 Kd4 49. Kg5 Kxe4 50. Rb2 Kxd5 51. Rxb3 c5 52. Rxb6 c4 53. Kxg6 e4 54. Kf5 c3 55. Rb1 Kd4 56. Kf4 e3 57. Rd1+ Kc4 58. Kxe3 c2 59. Rc1 Kc3 60. h4 1-0


[Site "https://www.chess.com"]

[Event "Titled Tuesday Blitz July 13 2021"]
[White "Bugayev, Vladimir"]
[Black "Najdin, Danil"]
[WhiteFideId "30901480"]
[BlackFideId "4172426"]
[WhiteElo "2355"]
[BlackElo "2193"]
[Result "0-1"]
[Round "07"]
[TimeControl "180+1"]
[Date "2021.07.13"]
[WhiteClock "0:00:01"]
[BlackClock "0:00:14"]

1. e4 e5 2. Nf3 Nc6 3. d4 exd4 4. Nxd4 Nf6 5. Nxc6 bxc6 6. e5 Qe7 7. Qe2 Nd5 8. h4 d6 9. c4 Nb6 10. exd6 Qxe2+ 11. Bxe2 Bxd6 12. O-O Be6 13. Nd2 O-O-O 14. a3 Be5 15. Nf3 Bf6 16. Bg5 Bxb2 17. Bxd8 Bxa1 18. Bg5 Bb2 19. c5 Nc4 20. Rb1 Bxa3 21. Nd4 h6 22. Bf4 Na5 23. Nxe6 fxe6 24. Be3 Kd7 25. Ra1 Bb4 26. Ra4 Rb8 27. Bd4 Nb3 28. Bxg7 Bxc5 29. Bxh6 Nd4 30. Bc4 Rb1+ 31. Kh2 Bd6+ 32. Kh3 Nf5 33. Bg5 Rb2 34. f4 Ne3 35. h5 Rb1 36. h6 e5 37. Bd3 Rh1+ 38. Kg3 exf4+ 39. Bxf4 Rxh6 40. Bxd6 Rxd6 41. Be4 c5 0-1


[Site "https://www.chess.com"]

[Event "Titled Tuesday Blitz July 13 2021"]
[White "Chigaev, Maksim"]
[Black "Erdogdu, Mert"]
[WhiteFideId "4108116"]
[BlackFideId "6301495"]
[WhiteElo "2646"]
[BlackElo "2485"]
[Result "1-0"]
[Round "07"]
[TimeControl "180+1"]
[Date "2021.07.13"]
[WhiteClock "0:00:31"]
[BlackClock "0:00:06"]

1. d4 d5 2. c4 e6 3. Nf3 c5 4. cxd5 exd5 5. Nc3 Nc6 6. e3 Nf6 7. g3 cxd4 8. Nxd4 Bc5 9. Nb3 Bb6 10. Bg2 Be6 11. O-O O-O 12. Na4 Re8 13. Nxb6 axb6 14. Nd4 Bg4 15. f3 Bd7 16. g4 Nxd4 17. Qxd4 Bc6 18. Bd2 Ra4 19. Bb4 Nd7 20. b3 Ra8 21. Bc3 Qg5 22. Rfe1 f6 23. Re2 Nc5 24. Rae1 Bb5 25. Rd2 Bc6 26. h3 h5 27. Rf2 hxg4 28. hxg4 Ra6 29. Ree2 Qg6 30. Rd2 Rea8 31. Bf1 R6a7 32. Rg2 Qb1 33. g5 Ne6 34. Qg4 f5 35. Qb4 Rxa2 36. Qd6 Nf8 37. Qe7 d4 38. Bxd4 Qxf1+ 39. Kxf1 Ra1+ 40. Kf2 1-0


[Site "https://www.chess.com"]

[Event "Titled Tuesday Blitz July 13 2021"]
[White "Colbow, Collin"]
[Black "Stocek, Jiri"]
[WhiteFideId "16201132"]
[BlackFideId "304760"]
[WhiteElo "2137"]
[BlackElo "2409"]
[Result "0-1"]
[Round "07"]
[TimeControl "180+1"]
[Date "2021.07.13"]
[WhiteClock "0:00:42"]
[BlackClock "0:02:14"]

1. e4 Nf6 2. e5 Nd5 3. c4 Nb6 4. d4 d6 5. exd6 cxd6 6. Nc3 g6 7. Be3 Bg7 8. Rc1 O-O 9. b3 Nc6 10. Nf3 Bg4 11. Be2 d5 12. O-O dxc4 13. d5 Bxf3 14. Bxf3 Ne5 15. Be2 cxb3 16. Qxb3 Rc8 17. Rfd1 Nec4 18. Nb5 Nxe3 19. Rxc8 Nxc8 20. Qxe3 a6 21. d6 axb5 0-1


[Site "https://www.chess.com"]

[Event "Titled Tuesday Blitz July 13 2021"]
[White "Cornette, Matthieu"]
[Black "Estrada Nieto, Julian"]
[WhiteFideId "620084"]
[BlackFideId "5101018"]
[WhiteElo "2500"]
[BlackElo "2270"]
[Result "1/2-1/2"]
[Round "07"]
[TimeControl "180+1"]
[Date "2021.07.13"]
[WhiteClock "0:00:06"]
[BlackClock "0:00:02"]

1. Nc3 Nf6 2. d4 d5 3. Bf4 c6 4. e3 Bf5 5. f3 h6 6. g4 Bh7 7. h4 e6 8. Bd3 Bd6 9. Nge2 Qe7 10. Bxh7 Nxh7 11. Qd3 Nd7 12. Bxd6 Qxd6 13. f4 Nhf6 14. Rg1 O-O-O 15. O-O-O Kb8 16. g5 hxg5 17. hxg5 Ne8 18. Rh1 Nc7 19. Rh7 Rhg8 20. Nb1 c5 21. c3 c4 22. Qc2 Nf8 23. Rh3 Nd7 24. Nd2 f6 25. Nf3 e5 26. dxe5 fxe5 27. e4 exf4 28. exd5 Nc5 29. Kb1 Nd3 30. Ne1 Nf2 31. Rf3 Nxd1 32. Qxd1 Qxd5 33. Qxd5 Nxd5 34. Nc2 Rge8 35. Ncd4 Re3 36. Rf2 Rde8 37. Nxf4 Nxf4 38. Rxf4 Re1+ 39. Kc2 Rg1 40. Rf2 Rxg5 41. b3 cxb3+ 42. Kxb3 a6 43. Rf7 Rg1 44. a4 g5 45. a5 g4 46. Nf5 Rd1 47. Rg7 Rb1+ 48. Kc4 Ra1 49. Nd6 Re6 50. Nxb7 Ra4+ 51. Kb3 Rae4 52. Nc5 R4e5 53. Nxe6 Rxe6 54. Rxg4 Re5 55. Kb4 Kb7 56. c4 Re7 57. Rg6 Rc7 58. Rb6+ Ka7 59. Kc3 Rd7 60. c5 Rd5 61. Kc4 Rd8 62. c6 Rc8 63. Kc5 Rc7 64. Kd6 Rh7 65. c7 Rh6+ 66. Kd7 Rh7+ 67. Kd6 Rh6+ 68. Kd5 Rh5+ 69. Kd4 Rh4+ 70. Ke5 Rh5+ 71. Kf6 Rc5 72. Ke6 Rxc7 73. Kd6 Rc3 74. Rc6 Ra3 75. Rc5 Kb7 76. Rc7+ Kb8 77. Rc5 Kb7 78. Rc7+ Kb8 79. Rc5 Kb7 1/2-1/2


[Site "https://www.chess.com"]

[Event "Titled Tuesday Blitz July 13 2021"]
[White "Cunjalo, Faris"]
[Black "Sydoryka, Vladyslav"]
[WhiteFideId "14410710"]
[BlackFideId "14145928"]
[WhiteElo "2234"]
[BlackElo "2200"]
[Result "1-0"]
[Round "07"]
[TimeControl "180+1"]
[Date "2021.07.13"]
[WhiteClock "0:00:27"]
[BlackClock "0:00:01"]

1. c4 c5 2. Nf3 Nf6 3. Nc3 Nc6 4. g3 d5 5. cxd5 Nxd5 6. Bg2 Nxc3 7. bxc3 e5 8. O-O Be7 9. d3 O-O 10. Rb1 Qc7 11. Qa4 Rb8 12. Nd2 Bd7 13. Qc2 b6 14. Nc4 Be6 15. a4 f6 16. Rd1 a6 17. Ne3 Rfd8 18. Ba3 Qd7 19. Rd2 b5 20. axb5 axb5 21. c4 Nd4 22. Qd1 bxc4 23. Rxb8 Rxb8 24. Nxc4 Nb3 25. Rc2 Nd4 26. Rc1 Qa7 27. Ra1 Qd7 28. Ne3 Bb3 29. Qe1 Be6 30. Rc1 Qa4 31. Bxc5 Bxc5 32. Rxc5 Qa2 33. Bf1 Rb1 34. Rc1 Rxc1 35. Qxc1 Nxe2+ 36. Bxe2 Qxe2 37. Qc6 Kf7 38. Qb7+ Kg6 39. Qe4+ Kf7 40. Qb7+ Kg6 41. Qe4+ Kf7 42. Qxh7 Qe1+ 43. Kg2 Qe2 44. Qe4 Qh5 45. h4 Qe2 46. d4 1-0


[Site "https://www.chess.com"]

[Event "Titled Tuesday Blitz July 13 2021"]
[White "De Silva, L M S T"]
[Black "McDonald, Mike"]
[WhiteFideId "9953698"]
[BlackFideId "2635682"]
[WhiteElo "1621"]
[BlackElo "2416"]
[Result "0-1"]
[Round "07"]
[TimeControl "180+1"]
[Date "2021.07.13"]
[WhiteClock "0:00:08"]
[BlackClock "0:00:40"]

1. Nf3 Nf6 2. b3 g6 3. Bb2 Bg7 4. c4 O-O 5. g3 c6 6. Bg2 d5 7. O-O Bg4 8. cxd5 cxd5 9. d4 Nc6 10. Ne5 Bf5 11. Nc3 Rc8 12. Nxc6 Rxc6 13. f3 Bh6 14. e4 Be3+ 15. Kh1 dxe4 16. Nxe4 Qd5 17. Qe2 Nxe4 18. Qxe3 Nf6 19. Qxe7 Re8 20. Qb4 Re2 21. Rae1 Rxb2 22. Qxb7 Rxg2 23. Re5 Rxh2+ 24. Kg1 Qxd4+ 0-1


[Site "https://www.chess.com"]

[Event "Titled Tuesday Blitz July 13 2021"]
[White "Deviprasath, Sharvesh"]
[Black "Perez Rodriguez, Luis Manuel"]
[WhiteFideId "30938228"]
[BlackFideId "3503364"]
[WhiteElo "2102"]
[BlackElo "2429"]
[Result "1-0"]
[Round "07"]
[TimeControl "180+1"]
[Date "2021.07.13"]
[WhiteClock "0:00:08"]
[BlackClock "0:00:51"]

1. Nf3 d5 2. c4 d4 3. b4 g5 4. g3 Bg7 5. d3 h6 6. Bg2 e5 7. O-O Ne7 8. Bb2 O-O 9. Re1 c5 10. a3 Ng6 11. e3 Nc6 12. exd4 cxd4 13. Nbd2 Bg4 14. h3 Be6 15. Ne4 b6 16. Bc1 f6 17. Ra2 Rc8 18. Rae2 Qd7 19. Kh2 a5 20. b5 Nce7 21. Qb3 Kh8 22. a4 Nf5 23. Ba3 Rfe8 24. Qb2 Rc7 25. c5 bxc5 26. Nxc5 Rxc5 27. Bxc5 h5 28. b6 g4 29. hxg4 hxg4 30. Nxd4 exd4 31. Rxe6 Rxe6 32. Rxe6 Qxe6 33. b7 1-0


[Site "https://www.chess.com"]

[Event "Titled Tuesday Blitz July 13 2021"]
[White "Wagner, Dinara"]
[Black "Yuan, Qingyu"]
[WhiteFideId "24157570"]
[BlackFideId "8609772"]
[WhiteElo "2260"]
[BlackElo "2359"]
[Result "1/2-1/2"]
[Round "07"]
[TimeControl "180+1"]
[Date "2021.07.13"]
[WhiteClock "0:00:18"]
[BlackClock "0:00:10"]

1. d4 g6 2. c4 Bg7 3. Nf3 Nf6 4. Nc3 d5 5. cxd5 Nxd5 6. g3 c5 7. Bg2 Nxc3 8. bxc3 O-O 9. O-O Nc6 10. Rb1 cxd4 11. cxd4 Nxd4 12. Nxd4 Qxd4 13. Qxd4 Bxd4 14. Bh6 Bg7 15. Bxg7 Kxg7 16. Bxb7 Rb8 17. Bxc8 Rfxc8 18. Rfc1 Kf6 19. Rxc8 Rxc8 20. Rb2 Rc3 21. Kg2 Ra3 22. e3 h5 23. Kf3 Kf5 24. h4 a6 25. Rc2 Ke5 26. Rd2 Ke6 27. Kf4 Kf6 28. Kf3 Kf5 29. Rd5+ Ke6 30. Rd2 Ke5 31. Kg2 e6 32. Kf3 Kf5 33. Kg2 Ke4 34. Rd4+ Ke5 35. Rd2 Ra4 36. Kf3 Ra5 37. Rc2 Kd6 38. Rd2+ Rd5 39. Rc2 Rc5 40. Rb2 Ra5 41. Rb7 f6 42. Rb6+ Ke5 43. Rb2 Kd5 44. Rc2 Ra4 45. Rd2+ Kc5 46. Rc2+ Rc4 47. Rd2 Ra4 48. Rc2+ Kd5 49. Rd2+ Ke5 50. Rc2 Ra5 51. Rd2 Kf5 52. Rc2 g5 53. Kg2 gxh4 54. gxh4 Ra4 55. Kg3 Rg4+ 56. Kh3 e5 57. f3 Ra4 58. Kg3 Ra3 59. e4+ Ke6 60. Rc6+ Ke7 61. Rc7+ Ke6 62. Rc6+ Ke7 63. Rc7+ Kd6 64. Rc2 a5 65. Kf2 Rd3 66. Ke2 Ra3 67. Kf2 Ra4 68. Kg3 Rb4 69. Rc3 Rd4 70. Ra3 a4 71. Rc3 Rd2 72. a3 Ra2 73. Rd3+ Kc5 74. Rc3+ Kd4 75. Rc6 Rxa3 76. Rxf6 Ra1 77. Rh6 a3 78. Ra6 Ke3 79. Kg2 Ra2+ 80. Kg3 Ra1 81. Kg2 Ke2 82. Ra5 a2 83. Ra3 Kd2 84. Ra8 Ke3 85. Ra3+ Kf4 86. Ra8 Ke3 87. Ra3+ Kd4 88. Ra8 Kc4 89. Rc8+ Kb5 90. Ra8 Kc6 91. Ra3 Kb6 92. Ra8 Kb7 93. Ra3 Kc7 94. Ra8 Kb6 95. Ra3 Kc5 96. Ra8 Kd4 97. Ra4+ Ke3 98. Ra3+ 1/2-1/2


[Site "https://www.chess.com"]

[Event "Titled Tuesday Blitz July 13 2021"]
[White "Dowgird, Filip"]
[Black "Svane, Frederik"]
[WhiteFideId "1121235"]
[BlackFideId "12923044"]
[WhiteElo "2209"]
[BlackElo "2459"]
[Result "1-0"]
[Round "07"]
[TimeControl "180+1"]
[Date "2021.07.13"]
[WhiteClock "0:00:13"]
[BlackClock "0:00:03"]

1. d4 Nf6 2. Bf4 Nh5 3. Bg5 h6 4. Bh4 g5 5. e3 gxh4 6. Qxh5 e6 7. Nc3 Qg5 8. Qe2 d5 9. O-O-O c6 10. Nf3 Qd8 11. Ne5 Nd7 12. f4 Nf6 13. Qf2 Nd7 14. Be2 Bb4 15. Bh5 Rf8 16. Nb1 Qe7 17. a3 Bd6 18. Nd2 Kd8 19. Ndf3 Kc7 20. Qxh4 Qxh4 21. Nxh4 f6 22. Neg6 Rg8 23. g3 Nb6 24. Rhe1 Bd7 25. e4 Bf8 26. Nxf8 Raxf8 27. b3 a5 28. Kb2 a4 29. Re3 axb3 30. cxb3 dxe4 31. Rxe4 Kd6 32. a4 Ra8 33. Rde1 Ra5 34. Bf7 Rf8 35. Bxe6 Nd5 36. Nf5+ Kc7 37. Bxd5 Rxd5 38. Ne3 Rd6 39. Kc3 Kd8 40. Nc4 Rd5 41. R1e2 Bg4 42. R2e3 Rd7 43. a5 Bf5 44. Nb6 Rc7 45. b4 Bxe4 46. Rxe4 Re7 47. Kd3 f5 48. Re5 Rf6 49. Na4 Rff7 50. Nc5 Kc7 51. Ne6+ Kd6 52. Nd8 Rg7 53. Kc4 Kd7 54. Nxb7 Kc7 55. Nc5 h5 56. Ne6+ Kd6 57. Nxg7 Rxg7 58. Rxf5 1-0


[Site "https://www.chess.com"]

[Event "Titled Tuesday Blitz July 13 2021"]
[White "Dushyant Sharma"]
[Black "Jodorcovsky Werjivker, Paulo"]
[WhiteFideId "25065130"]
[BlackFideId "3700305"]
[WhiteElo "2019"]
[BlackElo "2142"]
[Result "1-0"]
[Round "07"]
[TimeControl "180+1"]
[Date "2021.07.13"]
[WhiteClock "0:01:27"]
[BlackClock "0:01:08"]

1. e4 e5 2. Nf3 Nc6 3. Nc3 Nf6 4. Bb5 Bc5 5. Nxe5 Bxf2+ 6. Kxf2 Nxe5 7. d4 Nfg4+ 8. Kg1 Qf6 9. Qe2 Qb6 10. Qd2 O-O 11. Be2 d6 12. Nd5 Nf3+ 13. gxf3 1-0


[Site "https://www.chess.com"]

[Event "Titled Tuesday Blitz July 13 2021"]
[White "FGHSMN"]
[Black "Julianos82"]
[WhiteElo "2496"]
[BlackElo "2356"]
[Result "1-0"]
[Round "07"]
[TimeControl "180+1"]
[Date "2021.07.13"]
[WhiteClock "0:00:21"]
[BlackClock "0:00:19"]

1. e4 c5 2. Nc3 a6 3. d4 cxd4 4. Qxd4 b5 5. f3 Nc6 6. Qd2 Bb7 7. b3 g6 8. Bb2 Bg7 9. O-O-O e6 10. Nge2 Nge7 11. h4 h5 12. g4 Qc7 13. gxh5 Rxh5 14. Kb1 b4 15. Na4 Bxb2 16. Nxb2 d5 17. Nf4 Rh8 18. exd5 exd5 19. Nxd5 Nxd5 20. Qxd5 Ne5 21. Qd4 Bxf3 22. Re1 f6 23. Rg1 Rd8 24. Qxb4 Kf7 25. Bc4+ Kg7 26. Bxa6 Rd6 27. Bd3 Rb8 28. Qf4 Bh5 29. Rxe5 fxe5 30. Qxe5+ Kg8 31. Qxh5 Qb6 32. Rxg6+ Rxg6 33. Qxg6+ Qxg6 34. Bxg6 Kg7 35. Bd3 1-0


[Site "https://www.chess.com"]

[Event "Titled Tuesday Blitz July 13 2021"]
[White "Filippova, Margarita"]
[Black "Ronka, Erik"]
[WhiteFideId "34199680"]
[BlackFideId "505080"]
[WhiteElo "1829"]
[BlackElo "2264"]
[Result "1-0"]
[Round "07"]
[TimeControl "180+1"]
[Date "2021.07.13"]
[WhiteClock "0:00:19"]
[BlackClock "0:00:15"]

1. Nf3 g6 2. d4 Bg7 3. c4 d6 4. Nc3 Nf6 5. e4 O-O 6. Be2 e5 7. O-O Nc6 8. d5 Ne7 9. b4 Ne8 10. c5 h6 11. a4 f5 12. Ba3 f4 13. Nd2 g5 14. Nc4 Ng6 15. Bg4 Nf6 16. Bxc8 Qxc8 17. b5 Nh4 18. f3 dxc5 19. Bxc5 Rd8 20. Bf2 Ng6 21. Rc1 Qd7 22. Qe2 g4 23. fxg4 Nxg4 24. Rfd1 Kh7 25. d6 cxd6 26. Nxd6 Nxf2 27. Qxf2 Qg4 28. Qf3 Qe6 29. Nf5 Rac8 30. Nd5 Rxd5 31. exd5 Qxf5 32. Rxc8 Qxc8 33. d6 Qd7 34. Qe4 Bf8 35. Rd5 Kg7 36. Rd1 Kf6 37. a5 Bg7 38. a6 bxa6 39. bxa6 Nf8 40. Qb7 Ke6 41. Qb3+ Kf6 42. Qb7 h5 43. h3 Ke6 44. Qb3+ Kf6 45. Qb7 Bh6 46. Qd5 Ne6 47. Re1 Bg7 48. Qxe5+ Kf7 49. Qxh5+ Kg8 50. Qf5 Nc5 51. Qxd7 Nxd7 52. Re7 Nc5 53. d7 Nxd7 54. Rxd7 Kf8 55. Kf1 Bd4 56. Rxd4 1-0


[Site "https://www.chess.com"]

[Event "Titled Tuesday Blitz July 13 2021"]
[White "Gelman, Alexander"]
[Black "Gledura, Benjamin"]
[WhiteFideId "4118316"]
[BlackFideId "712779"]
[WhiteElo "2375"]
[BlackElo "2326"]
[Result "1-0"]
[Round "07"]
[TimeControl "180+1"]
[Date "2021.07.13"]
[WhiteClock "0:00:31"]
[BlackClock "0:00:07"]

1. d4 Nf6 2. Nc3 d5 3. Bf4 c6 4. f3 Qb6 5. Qd2 Qxb2 6. Rb1 Qa3 7. e4 e6 8. Bd3 Qa5 9. Nge2 Nbd7 10. O-O b6 11. e5 Ng8 12. Qe1 Ne7 13. Bd2 Nf5 14. Nb5 Qxa2 15. Nc7+ Kd8 16. Nxa8 Qa3 17. g4 Nxd4 18. Nxd4 Bc5 19. c3 Bxd4+ 20. cxd4 Qxd3 21. Ra1 Ba6 22. Qh4+ f6 23. Rf2 Kc8 24. exf6 gxf6 25. Qh6 Rg8 26. Re1 Kb7 27. Rxe6 Kxa8 28. Re7 Qxd4 29. h3 Ne5 30. Qxh7 Nxf3+ 31. Kg2 Bf1+ 32. Kxf1 Nxd2+ 33. Rxd2 Qc4+ 34. Kg2 1-0


[Site "https://www.chess.com"]

[Event "Titled Tuesday Blitz July 13 2021"]
[White "German, Sergio"]
[Black "Csonka, Balazs"]
[WhiteFideId "105104"]
[BlackFideId "742910"]
[WhiteElo "2468"]
[BlackElo "2404"]
[Result "0-1"]
[Round "07"]
[TimeControl "180+1"]
[Date "2021.07.13"]
[WhiteClock "0:00:07"]
[BlackClock "0:00:07"]

1. e4 e6 2. d4 d5 3. Nc3 Nf6 4. Bg5 dxe4 5. Nxe4 Be7 6. Bxf6 gxf6 7. g3 Bd7 8. Bg2 Bc6 9. Bf3 f5 10. Nc3 Bf6 11. Nce2 Qd7 12. Qd3 Na6 13. a3 O-O-O 14. O-O-O Rhe8 15. Qc4 Nb8 16. Bxc6 Nxc6 17. Nf3 a6 18. Rd3 Ne7 19. Nf4 Ng6 20. Ne2 h5 21. h4 Qd5 22. Qxd5 Rxd5 23. Rhd1 f4 24. Nxf4 Nxf4 25. gxf4 Rf5 26. Ng5 Rxf4 27. Nxf7 Bxh4 28. Ne5 Bxf2 29. c3 h4 30. Rh3 Bg3 31. Ng6 Rg4 32. Ne5 Bxe5 33. dxe5 Rf8 34. Rd4 Rxd4 35. cxd4 Rf4 36. Rd3 Kd7 37. Kd2 Kc6 38. Ke3 Rg4 39. Rd2 Kd5 40. Kf3 Rxd4 41. Rc2 c5 42. b4 c4 43. Rh2 b5 44. Ke3 Kxe5 0-1


[Site "https://www.chess.com"]

[Event "Titled Tuesday Blitz July 13 2021"]
[White "Gogolev, Artem"]
[Black "Amburgy, Ryan"]
[WhiteFideId "4116615"]
[BlackFideId "30924820"]
[WhiteElo "2191"]
[BlackElo "2066"]
[Result "1-0"]
[Round "07"]
[TimeControl "180+1"]
[Date "2021.07.13"]
[WhiteClock "0:00:35"]
[BlackClock "0:00:05"]

1. d4 Nf6 2. c4 e6 3. g3 d5 4. Bg2 Bb4+ 5. Nd2 O-O 6. Nf3 c6 7. O-O Nbd7 8. Qc2 h6 9. e4 dxe4 10. Nxe4 Nxe4 11. Qxe4 Nf6 12. Qc2 Re8 13. Rd1 Bd6 14. c5 Bf8 15. Re1 Nd5 16. Bd2 b6 17. b4 Bb7 18. Ne5 Rc8 19. a4 bxc5 20. dxc5 g5 21. Rab1 a6 22. Bf1 Qf6 23. Nc4 Rcd8 24. Qe4 Nc3 25. Bxc3 Qxc3 26. Na5 Ba8 27. Bxa6 Rd4 28. Qe3 Qxe3 29. Rxe3 Rb8 30. Reb3 f5 31. Bf1 Bb7 32. Bg2 Ba6 33. Nxc6 Bxc5 34. Nxb8 Bc4 35. bxc5 Bxb3 36. Rxb3 Rd1+ 37. Bf1 Kg7 38. c6 Rc1 39. a5 Kf6 40. a6 g4 41. a7 f4 42. gxf4 g3 43. hxg3 Kf5 44. a8=Q h5 45. c7 h4 46. Rb5+ Kf6 47. Nd7+ Ke7 48. Qd8+ Kf7 49. Qf8+ Kg6 50. Rg5+ Kh7 51. Nf6# 1-0


[Site "https://www.chess.com"]

[Event "Titled Tuesday Blitz July 13 2021"]
[White "Goltsev, Dmitry"]
[Black "Hansen, Sune Berg"]
[WhiteFideId "24176710"]
[BlackFideId "1400266"]
[WhiteElo "2366"]
[BlackElo "2626"]
[Result "0-1"]
[Round "07"]
[TimeControl "180+1"]
[Date "2021.07.13"]
[WhiteClock "0:00:46"]
[BlackClock "0:01:20"]

1. e4 e5 2. Nf3 Nc6 3. Bc4 Nf6 4. Nc3 Nxe4 5. Nxe4 d5 6. Bd3 Nb4 7. Ng3 e4 8. Nxe4 dxe4 9. Bxe4 f5 10. Bd3 Nxd3+ 11. cxd3 Qxd3 12. Qe2+ Qxe2+ 13. Kxe2 Bd6 14. d3 O-O 15. Be3 Bd7 16. Rac1 b6 17. Rhe1 Rae8 18. a3 f4 19. Kd2 fxe3+ 20. fxe3 Bg4 21. Rf1 Re6 22. h3 Bxf3 23. Rxf3 Rxf3 24. gxf3 Rh6 25. Rh1 Rg6 26. Kc3 Rg3 27. Rf1 Rxh3 28. b4 h5 29. Kd4 h4 30. Ke4 Rh2 31. Kf5 Rg2 32. Rh1 Rg3 33. Ke4 h3 34. f4 Kf7 35. b5 Bxa3 36. d4 Bd6 37. Rh2 Kf6 38. Rh1 g5 39. fxg5+ Kxg5 40. Kd3 Bf4 41. Ke4 Rxe3+ 42. Kd5 h2 43. Kc6 Re2 44. d5 Rg2 45. d6 Bxd6 46. Re1 Rg1 47. Re8 h1=Q+ 48. Kd7 Qh3+ 49. Kc6 Qf3+ 50. Kd7 Qf7+ 51. Kd8 Qxe8+ 52. Kxe8 Rb1 53. Kd7 Rxb5 54. Kc6 Rc5+ 0-1


[Site "https://www.chess.com"]